 Dungeon Crawl Stone Soup version 0.27.1 (webtiles) character file.

Game seed: 7850046102561799291

70 Malachi the Shooter (level 4, 37/37 HPs)
             Began as a Ghoul Hunter on Aug 25, 2021.
             Safely got out of the dungeon.
             The game lasted 00:01:55 (2047 turns).

Malachi the Shooter (Ghoul Hunter)                  Turns: 2047, Time: 00:01:56

Health: 37/37      AC:  3    Str: 15    XL:     4   Next: 21%
Magic:  3/3        EV: 11    Int:  6    God:
Gold:   69         SH:  0    Dex: 10    Spells: 3/3 levels left

rFire    . . .     SeeInvis .   a - +1 shortbow
rCold    + . .     Faith    .   (shield currently unavailable)
rNeg     + + +     Spirit   .   c - +0 leather armour
rPois    ∞         Reflect  .   (no helmet)
rElec    .         Harm     .   (no cloak)
rCorr    .         Rampage  .   (no gloves)
Will     .....                  (no boots)
Stlth    +.........             (no amulet)
HPRegen  0.12/turn              (no ring)
MPRegen  0.08/turn              (no ring)

@: no status effects
A: claws 1, cold resistance 1, negative energy resistance 3, inhibited
regeneration, torment resistance 2
a: no special abilities


You escaped.
You visited 1 branch of the dungeon, and saw 2 of its levels.

You collected 69 gold pieces.

Inventory:

Hand Weapons
 a - a +1 shortbow (weapon)
 j - a +3 short sword
Missiles
 d - 26 arrows (quivered ammo)
 g - 41 bolts
Armour
 c - a +0 leather armour (worn)
Magical Staves
 i - a staff of conjuration
Scrolls
 e - 8 scrolls of identify {unknown}
 f - a scroll of enchant weapon {unknown}
 h - a scroll of brand weapon {unknown}
 k - a scroll of teleportation {unknown}
 l - 2 scrolls of noise {unknown}
 n - a scroll of magic mapping {unknown}
Potions
 b - a potion of degeneration {unknown}
 m - 3 potions of curing {unknown}


   Skills:
 + Level 2.3 Fighting
 + Level 0.2 Short Blades
 + Level 4.9 Bows
 + Level 0.3 Armour
 + Level 1.8 Dodging
 + Level 1.1 Stealth


You had 3 spell levels left.
You didn't know any spells.
Your spell library contained the following spells:

 Spells                   Type           Power      Damage    Failure   Level
 Fulminant Prism          Conj/Hex       0%         3d6       99%         4
 Iskenderun's Mystic Bla  Conj/Tloc      0%         2d3       99%         4
 Lee's Rapid Deconstruct  Erth           0%         3d5*      100%        5


Dungeon Overview and Level Annotations

Branches:
Dungeon (2/15)

Altars:


Innate Abilities, Weirdness & Mutations

You thrive by killing the living.
You are immune to poison.
You have sharp fingernails.
Your flesh is cold resistant. (rC+)
You are immune to negative energy. (rN+++)
You do not regenerate when monsters are visible.
You are immune to unholy pain and torment.


Message History

You shoot an arrow. The arrow barely misses the kobold.
The kobold throws a stone.
The stone hits you.
The kobold throws a stone.
The stone hits you.
You shoot an arrow. The arrow hits the kobold.
You kill the kobold!
No target in view!
No target in view!
No target in view!
No target in view!
No target in view!
Found a scroll labelled BUIMNA RUICS.
Found a stone staircase leading down.
d - 23 arrows (gained 1)
Things that are here:
a +0 dagger; 4 stones; a kobold corpse
d - 26 arrows (gained 3)
e - 8 scrolls labelled BUIMNA RUICS (gained 1)
There is a stone staircase leading down here.
Key pressed, stopping explore.
Done exploring.
Done exploring.
Done exploring.
There is a stone staircase leading down here.
There is a stone staircase leading down here.
Things that are here:
a +0 hand axe; a +0 leather armour
There is a stone staircase leading down here.
There is a stone staircase leading down here.
There is a stone staircase leading down here.
There is a stone staircase leading up here.
There is a stone staircase leading up here.
You climb upwards.
There is a stone staircase leading down here.
Unknown command.
There is a large open door here.
There is a large open door here.
There is a large open door here.
There is a staircase leading out of the dungeon here.
Are you sure you want to leave the Dungeon?
This will make you lose the game!
You have escaped!

#..# #.##..............†.....#
#..#####.##.........#.######.#.#
#...................#.# ##....#
#.....###.#.......##### ##.....##
.................########.......#
...#######......##....##.......([
.....# #.#...###.§≈.###>......#
.....# #.#...#.'.§≈.'.'......##
.....# #.#...#@'.≈≈.'.'......#
....## #.##..###.≈≈§#####..###
....# ##.####.##.§§)##.....#
#.#.#####.#.###.############.#
.#.......###....# #### #.#
#.#.#####.#.##### #..######.##
#.#.# ####.## #..#.......###
....# #....# #............# #.###
#.#### #####.#...######.#


There were no monsters in sight!

Vanquished Creatures
  Natasha (D:2)
  A dart slug (D:2)
  An orc (D:2)
  A ball python (D:1)
  3 endoplasms
  2 giant cockroaches (D:1)
  3 hobgoblins (D:1)
  4 kobolds
  4 quokkas (D:1)
  4 bats
  3 frilled lizards (D:1)
  6 goblins
  5 rats (D:1)
38 creatures vanquished.

Notes
Turn   | Place    | Note
-------+----------+-------------------------------------------
     0 | D:1      | Malachi the Ghoul Hunter began the quest for the Orb.
     0 | D:1      | Reached XP level 1. HP: 17/17 MP: 0/0
   256 | D:1      | Reached XP level 2. HP: 24/24 MP: 1/1
   260 | D:1      | Reached skill level 4 in Bows
   587 | D:1      | Reached XP level 3. HP: 30/30 MP: 2/2
  1357 | D:2      | Noticed Natasha
  1366 | D:2      | Killed Natasha
  1367 | D:2      | Reached XP level 4. HP: 25/37 MP: 3/3
  2047 | D:$      | Safely got out of the dungeon.

Illustrated notes

Levels and vault maps discovered:
D:1:      lightli_arrival_lavapool, layout_loops_ring, serial_glass,
          glass_columns_c, glass_columns_b, amethyst_killhole,
          minmay_misc_feat_columns
D:2:      layout_loops_ring, minivault_23, minmay_misc_feat_nine_boxes,
          minmay_misc_feat_tiny, uniq_natasha

Skill      XL: |  1  2 |
---------------+-------+-----
Bows           | 4 |  4.9
Fighting       | |  2.3
Short Blades   | |  0.2
Armour         | |  0.3
Dodging        | |  1.8
Stealth        | |  1.1

Action                   |  1- 3 |  4- 6 || total
-------------------------+-------+-------++-------
Melee: Short sword       |     1 |       ||     1
 Fire: Shortbow          |    94 |     4 ||    98
Armor: Leather armour    |    11 |       ||    11
Dodge: Dodged            |    17 |     1 ||    18
